 Dungeon Crawl Stone Soup version 0.32-a0-765-gfba4d74c8c (webtiles) character file.

Game seed: 17582640972155902362

39 GordonOverkill the Sneak (level 3, -2/29 HPs)
             Began as a Demonspawn Delver on Mar 18, 2024.
             Was an Initiate of Beogh.
             Slain by a scorpion (3 damage)
             ... on level 5 of the Dungeon.
             The game lasted 00:02:15 (401 turns).

GordonOverkill the Sneak (Demonspawn Delver)         Turns: 401, Time: 00:02:15

Health: -2/29      AC:  3    Str: 11 (14) XL:     3   Next: 26%
Magic:  3/3        EV: 10    Int:  9 (10) God:    Beogh [......]
Gold:   37         SH:  6    Dex: 11 (14) Spells: 2/2 levels left

rFire   . . .        a - +0 hand axe
rCold   . . .        (no shield)
rNeg    . . .        b - +0 leather armour
rPois   .            (no helmet)
rElec   .            (no cloak)
rCorr   .            (no gloves)
SInv    .            (no boots)
Will    .....        (no amulet)
Stlth   ++           (no ring)
HPRegen 0.24/turn    (no ring)
MPRegen 0.08/turn

%: no passive effects
@: lethally poisoned (-2 -> -6)
A: large bone plates 2
a: Renounce Religion


You were on level 5 of the Dungeon.
You worshipped Beogh.
Beogh was noncommittal.
You visited 1 branch of the dungeon, and saw 3 of its levels.

You collected 37 gold pieces.

Inventory:

Hand Weapons
 a - a +0 hand axe (weapon)
Armour
 b - a +0 leather armour (worn)
Wands
 g - a wand of digging (3)
Scrolls
 c - a scroll of fog
 d - a scroll of revelation


   Skills:
 - Level 3.0 Fighting
 + Level 3.4 Axes
 - Level 1.7 Dodging
 - Level 4.5 Stealth


You had 2 spell levels left.
You didn't know any spells.
Your spell library was empty.

Dungeon Overview and Level Annotations

Branches:
Dungeon (6/15)             Temple (0/1) D:5

Altars:

Annotations:
D:6 1 transporter


Innate Abilities, Weirdness & Mutations

You are mostly covered in large bone plates. (SH +6)


Message History

You aren't carrying any potions.
Okay, then.
Okay, then.
You slash the scorpion!
The scorpion is moderately wounded.
The scorpion closely misses you. The scorpion barely misses you.
You barely miss the scorpion.
The scorpion is moderately wounded.
You block the scorpion's attack.
You closely miss the scorpion.
The scorpion is moderately wounded.
The scorpion stings you. The scorpion closely misses you.
You barely miss the scorpion.
The scorpion is moderately wounded.
The scorpion barely misses you.
You closely miss the scorpion.
The scorpion is moderately wounded.
The scorpion stings you.
You are poisoned.
The scorpion poisons you!
You completely miss the scorpion.
The scorpion is moderately wounded.
You feel very sick. The scorpion stings you!
* * * LOW HITPOINT WARNING * * *
The scorpion closely misses you.
You hit the scorpion but do no damage.
The scorpion is moderately wounded.
* * * LOW HITPOINT WARNING * * *
You feel very sick. You block the scorpion's attack.
You hit the scorpion but do no damage.
The scorpion is moderately wounded.
You feel sick. The scorpion barely misses you.
You hit the scorpion but do no damage.
The scorpion is moderately wounded.
You feel sick. The scorpion stings you.
* * * LOW HITPOINT WARNING * * *
The scorpion stings you.
You die...

##.. #..# ##.## #...> #.# #.###
############# #.# ##....
##.....#.....#### #.# #...##
##..............># #.# #)#...
#..............@## #.# #.#...
#..............s####.######.#...
#....................s......#...
#.......................#####...
#...............#.......# #...
##.............##.......# #...
##.....#.....###.......# ####
############# #.......#
#.>.....#


You could see a scorpion.

Vanquished Creatures
  A hound (D:5)
  3 orcs (D:5)
  A giant cockroach (D:4)
  A hobgoblin (D:4)
6 creatures vanquished.

Notes
Turn   | Place    | Note
-------+----------+-------------------------------------------
     0 | D:5      | GordonOverkill the Demonspawn Delver began the quest for
                  | the Orb.
     0 | D:5      | Reached XP level 1. HP: 18/18 MP: 1/1
     1 | D:6      | Noticed an ogre
    18 | D:6      | Identified the blade talisman of Deghust {Fly rC+ Dex+3}
   186 | D:4      | Gained mutation: You are partially covered in large bone
                  | plates. (SH +4) [demonic ancestry]
   186 | D:4      | Reached XP level 2. HP: 22/24 MP: 2/2
   190 | D:4      | Noticed an ogre
   281 | D:6      | Noticed a sky beast
   282 | D:6      | Found a transporter.
   291 | D:5      | Found a staircase to the Ecumenical Temple.
   296 | D:5      | Became a worshipper of Beogh the Shepherd
   316 | D:5      | Gained mutation: You are mostly covered in large bone
                  | plates. (SH +6) [demonic ancestry]
   316 | D:5      | Reached XP level 3. HP: 22/29 MP: 3/3
   369 | D:5      | Noticed a scorpion
   401 | D:5      | HP: 1/29 [scorpion (6)]
   401 | D:5      | Slain by a scorpion

Illustrated notes

Levels and vault maps discovered:
D:4:      minmay_angry_zag, layout_gridville
D:5:      minmay_general_purpose_star, layout_rooms,
          minmay_temple_entry_proselytizer, serial_shops,
          nicolae_shop_tiny_glass, uniq_sigmund, uniq_edmund
D:6:      minmay_evil_eye, layout_loops_ring, gammafunk_ghost_abyssal_escape

Skill      XL: |  1  2 |
---------------+-------+-----
Axes           | 2 3 |  3.4
Fighting       | |  3.0
Dodging        | |  1.7
Stealth        | |  4.5

Action                     || total
---------------------------++-------
  Melee: Hand axe          ||    46
 Invoke: Convert to Beogh  ||     1
    Use: Potion            ||     3
         Scroll            ||     2
   Stab: Sleeping          ||     1
 Armour: Leather armour    ||    24
  Dodge: Dodged            ||    24
  Block: Other             ||     5

Table legend: (Time is in decaauts)
 A = Elapsed time spent in this place.
 B = Non-inter-level travel time spent in this place.
 C = Inter-level travel time spent in this place.
 D = Time resting spent in this place.
 E = Time spent auto-exploring this place.
 F = Levels seen in this place.
 G = Mean time per level.
                   A        B        C        D        E       F      G
               +--------+--------+--------+--------+--------+-----+--------+
         Total |    390 |    390 |      0 |     89 |     37 |   3 |  130.0 |
       Dungeon |    390 |    390 |      0 |     89 |     37 |   3 |  130.0 |
               +--------+--------+--------+--------+--------+-----+--------+

Top non-repeatable levels by time:
     D:5: 272 daAuts
     D:4: 89 daAuts
     D:6: 28 daAuts
